Map: Last Remnant

Players

Dan

  • Race: Protoss Protoss
  • Spawn Location: 1:00

krepnox

  • Race: Terran Terran
  • Spawn Location: 3:00

romkiller

  • Race: Zerg Zerg
  • Spawn Location: 12:00

xXGHOSTARXx

  • Race: Protoss Protoss
  • Spawn Location: 12:00

yorsh

  • Race: Protoss Protoss
  • League: Silver
  • Spawn Location: 6:00

jarper

  • Race: Protoss Protoss
  • League: Bronze
  • Spawn Location: 6:00

Sephiroth

  • Race: Protoss Protoss
  • Spawn Location: 9:00

Infamous

  • Race: Protoss Protoss
  • League: Silver
  • Spawn Location: 7:00

VOD

Have the link to the VOD?

Description

Time

  • Played on: April 6, 2018, 10:12 a.m.
  • Length: 18:16
Show
View Real Time Build Order
Export as new Build Order

Dan Protoss 

Build Orders: Nexus First 

Get SALT Encoding   

  12  0:11  Pylon  
  12  0:15  Probe  
  13  0:51  Nexus  
  13  0:58  Probe  
  14  1:10  Probe  
  15  1:39  Probe  
  16  1:47  Assimilator  
  16  1:51  Probe  
  17  2:03  Probe  
  17  2:06  Probe  
  19  2:15  Probe  
  20  2:19  Probe  
  21  2:25  Forge  
  21  2:27  Probe, Gateway  
  22  2:31  Probe  
  22  2:32  Pylon  
  23  2:39  Probe  
  23  2:43  Probe  
  25  2:47  Assimilator  
  25  2:51  Probe  
  25  2:52  Assimilator  
  25  2:55  Probe  
  27  3:03  Probe  
  28  3:16  Cybernetics Core  
  28  3:19  Photon Cannon  
  28  3:22  Pylon  
  28  3:28  Pylon  
  28  3:29  Probe  
  29  3:41  Probe  
  30  3:53  Probe  
  31  4:05  Probe, Stargate  
  31  4:08  Zealot  
  34  4:11  Warp Gate  
  34  4:15  Probe  
  35  4:17  Probe  
  36  4:27  Probe  
  36  4:28  Pylon  
  36  4:29  Pylon  
  36  4:30  Probe  
  38  4:31  Pylon  
  38  4:35  Zealot  
  40  4:39  Probe  
  40  4:42  Probe  
  42  4:52  Probe  
  43  4:53  Fleet Beacon  
  43  4:54  Probe  
  43  4:56  Twilight Council  
  44  5:02  Zealot  
  44  5:04  Probe  
  47  5:08  Pylon  
  47  5:10  Probe  
  47  5:12  Assimilator  
  48  5:22  Probe  
  49  5:32  Stargate  
  49  5:42  Stargate  
  49  5:45  Stargate  
  49  5:58  Probe  
  50  6:10  Probe  
  51  6:11  Gateway  
  51  6:20  Carrier  
  51  6:21  Gateway  
  51  6:22  Probe  
  51  6:25  Gateway  
  58  6:26  Gateway  
  58  6:28  Gateway  
  58  6:29  Gateway  
  58  6:31  Gateway  
  58  6:34  Probe, Gateway  
  58  6:36  Gateway  
  58  6:37  Gateway  
  59  6:42  Pylon  
  59  6:46  Probe  
  60  6:51  Carrier, Stargate  
  66  7:00  Nexus  
  66  7:06  Assimilator  
  66  7:10  Assimilator  
  66  7:15  Carrier  
  72  7:40  Pylon  
  72  7:43  Pylon  
  72  8:10  Pylon  
  72  8:17  Pylon  
  72  8:22  Carrier x2  
  84  8:35  Graviton Catapult  
  84  8:38  Blink  
  84  8:45  Photon Cannon  
  84  8:47  Photon Cannon  
  83  9:02  Probe  
  84  9:14  Probe  
  85  9:25  Carrier x2  
  85  9:26  Probe  
  98  9:33  Dark Shrine  
  98  9:38  Probe  
  98  9:42  Robotics Facility  
  99  9:58  Carrier  
  105  10:08  Probe  
  106  10:21  Photon Cannon  
  106  10:23  Photon Cannon  
  106  10:27  Pylon  
  106  10:31  Observer  
  107  10:36  Carrier (Chrono Boost)  
  107  10:38  Carrier (Chrono Boost)  
  119  10:52  Observer  
  119  10:56  Pylon  
  132  11:12  Carrier x2 (Chrono Boost)  
  132  11:13  Warp Prism  
  134  11:19  Pylon  
  134  11:22  Pylon  
  134  11:24  Pylon  
  140  11:26  Pylon  
  140  11:28  Photon Cannon  
  140  11:29  Photon Cannon  
  140  11:31  Carrier (Chrono Boost), Photon Cannon  
  140  11:33  Photon Cannon  
  140  11:55  Carrier (Chrono Boost)  
  144  12:11  Mothership (Chrono Boost)  
  133  12:53  Carrier x2  
  145  13:07  Probe  
  146  13:14  Carrier  
  146  13:16  Carrier  
  146  13:19  Probe  
  159  13:31  Probe  
  161  13:49  Probe (Chrono Boost), Carrier  
  161  13:52  Probe (Chrono Boost)  
  168  13:57  Probe x2 (Chrono Boost)  
  168  14:00  Pylon  
  170  14:07  Probe  
  170  14:09  Pylon  
  171  14:15  Nexus  
  171  14:18  Pylon  
  171  14:19  Probe  
  172  14:30  Stargate  
  172  14:31  Probe  
  172  14:33  Stargate  
  172  14:36  Stargate  
  173  14:42  Carrier  
  173  14:43  Carrier (Chrono Boost)  
  185  15:33  Carrier (Chrono Boost)  
  185  15:34  Carrier (Chrono Boost)  
  197  16:14  Anion Pulse-Crystals  
  197  16:15  Resonating Glaives  
  189  16:46  Stalker x4  
  191  16:47  Stalker  
  189  17:37  Stalker x2  
  189  17:38  Stalker  
Show
View Real Time Build Order
Export as new Build Order

krepnox Terran 

Build Orders: MMM Bio 

Get SALT Encoding   

  12  0:06  SCV  
  13  0:22  SCV  
  14  0:34  SCV  
  15  1:08  Supply Depot  
  15  1:30  SCV  
  16  1:42  SCV  
  17  1:50  Barracks  
  17  1:54  SCV  
  17  1:57  Refinery  
  17  2:00  Refinery  
  18  2:06  SCV  
  18  2:08  Barracks  
  19  2:29  Command Center  
  19  2:31  SCV  
  20  2:54  SCV  
  21  3:01  Marine  
  21  3:02  Marine  
  23  3:09  Factory  
  23  3:14  Supply Depot  
  23  3:17  Engineering Bay  
  23  3:21  Engineering Bay  
  23  3:22  Orbital Command  
  23  3:34  Supply Depot  
  23  3:35  Supply Depot, Marine  
  23  3:36  Marine  
  25  3:44  SCV  
  26  3:53  Marine  
  27  3:56  SCV  
  27  3:58  Barracks Tech Lab  
  28  4:04  Factory Reactor  
  28  4:07  SCV  
  28  4:08  SCV  
  30  4:13  Missile Turret  
  30  4:20  Missile Turret, SCV  
  30  4:21  SCV  
  32  4:27  Marine x2  
  32  4:31  Stimpack  
  34  4:33  SCV  
  35  4:43  Missile Turret  
  36  4:47  Planetary Fortress  
  35  5:00  Marine, Barracks Reactor  
  35  5:03  Factory Tech Lab  
  35  5:04  SCV  
  37  5:10  Terran Infantry Weapons Level 1  
  37  5:11  Starport  
  37  5:12  Terran Infantry Armor Level 1  
  37  5:16  Missile Turret, SCV  
  37  5:18  Marine  
  39  5:21  Missile Turret  
  39  5:24  SCV  
  40  5:28  SCV  
  41  5:36  SCV  
  41  5:37  Marine x2  
  41  5:41  Factory Reactor  
  44  5:48  Medivac  
  44  5:49  SCV  
  47  5:51  Barracks  
  47  6:01  SCV, Refinery  
  48  6:04  Marine x2, Refinery  
  48  6:08  Medivac  
  48  6:09  Marine  
  53  6:13  SCV  
  54  6:19  Missile Turret  
  54  6:22  Marine x2  
  54  6:25  SCV  
  57  6:27  Marine  
  57  6:31  Combat Shields  
  58  6:33  SCV  
  58  6:38  Factory Reactor  
  59  6:40  Marine x2  
  59  6:45  Missile Turret, SCV  
  62  6:58  Supply Depot  
  62  7:02  Supply Depot  
  62  7:04  Concussive Shells  
  62  7:05  Barracks  
  62  7:19  Marine x4, Medivac, SCV  
  69  7:24  Medivac  
  69  7:26  Starport  
  69  7:27  Barracks  
  71  7:31  SCV, Armory  
  71  7:35  Missile Turret  
  72  7:37  Marine  
  72  7:43  SCV  
  74  7:49  Marine x2  
  74  7:50  Marine  
  76  7:52  Marine x2  
  76  7:56  Missile Turret  
  78  8:02  Supply Depot  
  78  8:13  Barracks  
  78  8:16  Factory Reactor  
  78  8:17  Barracks Reactor  
  78  8:19  Terran Infantry Armor Level 2  
  78  8:20  Terran Infantry Weapons Level 2  
  78  8:24  Marine x6, SCV  
  78  8:26  Supply Depot  
  85  8:33  Missile Turret  
  85  8:36  SCV  
  86  8:47  Marine x5  
  91  8:54  Missile Turret  
  91  8:59  Supply Depot  
  91  9:05  Command Center  
  91  9:13  Factory Reactor  
  91  9:16  Supply Depot, Missile Turret  
  91  9:21  Marine x5  
  91  9:22  Marine x5  
  101  9:37  Missile Turret  
  101  9:38  Marine  
  101  9:40  Supply Depot  
  102  9:49  Marine x7  
  102  9:50  Marine  
  110  10:00  Marine x2  
  110  10:02  Supply Depot  
  110  10:07  Marine x8  
  102  10:17  Marine x2  
  68  10:24  Marine  
  68  10:25  Marine x7  
  68  10:28  Medivac x2  
  76  10:32  Medivac  
  76  10:35  Marine x2  
  78  10:42  Marine  
  80  10:43  Marine x6  
  84  10:57  Medivac  
  84  10:58  Medivac x2  
  84  11:02  Medivac  
  84  11:03  Terran Vehicle And Ship Armor Level 1  
  92  11:27  Medivac, Command Center  
  92  11:28  Medivac x2  
  92  11:32  Supply Depot, Medivac  
  100  11:52  Command Center  
  98  12:40  Marine x2  
  98  12:41  Marine x8  
  108  12:58  Marine x6  
  103  12:59  Marine x3  
  103  13:01  Marine  
  104  13:15  Marine  
  104  13:16  Marine x6  
  95  13:44  Marine x3  
  95  13:45  Marine x4  
  95  13:46  Marine x3  
  100  14:02  Marine  
  101  14:06  Marine  
  101  14:07  Marine x5  
  84  14:47  Marine x8  
  84  14:52  Marine x2  
  53  15:04  Marine  
  42  16:29  Marine x3  
  42  16:30  Marine x7  
  47  16:47  Marine x7  
  47  16:48  Marine x3  
  57  17:05  Marine x10  
  57  17:22  Marine  
  57  17:23  Marine x9  
  67  17:40  Marine  
  67  17:41  Marine x9  
Show
View Real Time Build Order
Export as new Build Order

romkiller Zerg 

Build Orders: Pool First 

Get SALT Encoding   

  12  0:03  Drone  
  13  0:11  Drone  
  14  0:18  Overlord  
  14  0:38  Spawning Pool  
  14  0:39  Drone  
  14  0:44  Drone  
  14  0:45  Drone  
  16  0:52  Extractor  
  15  0:58  Drone  
  16  1:33  Zergling x4  
  16  1:35  Zergling x2  
  19  1:43  Queen  
  21  1:56  Hatchery  
  20  2:11  Drone x2  
  22  2:16  Overlord  
  22  2:27  Extractor  
  22  2:28  Drone  
  22  2:49  Overlord x2  
  22  2:55  Drone x3  
  22  3:15  Drone  
  23  3:21  Drone  
  23  3:22  Drone  
  25  3:31  Queen  
  25  3:33  Drone x2  
  29  3:45  Drone x4  
  33  3:52  Overlord  
  33  3:55  Overlord  
  33  4:06  Evolution Chamber  
  33  4:08  Evolution Chamber  
  31  4:15  Spine Crawler  
  31  4:16  Spine Crawler  
  29  4:17  Spine Crawler  
  28  4:35  Drone x3  
  31  4:39  Extractor  
  31  4:41  Extractor  
  29  4:47  Drone x4  
  29  4:48  Drone x2  
  35  4:57  Zerg Melee Weapons Level 1  
  35  4:59  Zerg Missile Weapons Level 1  
  35  5:35  Lair  
  35  5:40  Queen  
  37  5:49  Metabolic Boost  
  37  5:57  Drone x2  
  37  5:58  Drone x6  
  45  6:21  Spore Crawler  
  45  6:22  Spore Crawler  
  45  6:24  Spore Crawler  
  42  6:30  Spore Crawler  
  42  6:32  Spore Crawler  
  40  6:34  Spore Crawler  
  40  6:37  Hydralisk Den  
  40  6:38  Drone  
  40  6:39  Drone x2  
  41  6:40  Spire  
  40  7:10  Grooved Spines  
  40  7:15  Hatchery  
  40  7:16  Hydralisk x5  
  40  7:17  Hydralisk x5  
  40  7:22  Zerg Missile Weapons Level 2  
  59  7:29  Zerg Ground Armor Level 1  
  59  7:39  Overlord x4  
  59  7:43  Zergling x2  
  60  8:13  Drone x3  
  63  8:20  Drone x3  
  66  8:39  Hydralisk x4  
  74  8:43  Hydralisk x4  
  82  9:13  Hydralisk x5  
  92  9:18  Hydralisk x3  
  92  9:57  Hydralisk  
  92  9:58  Hydralisk x2  
  98  10:17  Zerg Ground Armor Level 2  
  98  10:20  Muscular Augments  
  98  10:44  Overlord  
  98  10:45  Overlord x7  
  97  11:13  Hydralisk x5  
  97  11:14  Hydralisk  
  97  11:17  Hydralisk x5  
  119  11:21  Drone  
  119  11:22  Drone x2  
  88  11:58  Drone x3  
  91  12:03  Drone  
  91  12:04  Drone x2  
  94  12:09  Drone x3  
  87  12:48  Drone x3  
  90  12:53  Hatchery  
  90  12:55  Hatchery  
  90  12:57  Spore Crawler  
  87  12:59  Spore Crawler x3  
  87  13:00  Spore Crawler  
  87  13:03  Spore Crawler  
  82  13:24  Queen  
  84  13:59  Hydralisk x3, Queen  
  84  14:02  Hydralisk  
  92  14:03  Hydralisk x5  
  92  14:06  Hydralisk x3  
  106  14:35  Queen  
  76  14:54  Hatchery  
  76  14:55  Hydralisk x4  
  76  14:56  Hydralisk x2  
  87  15:11  Pneumatized Carapace  
  87  15:36  Hatchery  
  87  15:39  Hydralisk x7  
  87  15:40  Hydralisk  
  95  16:33  Hydralisk x6  
  95  16:34  Hydralisk x7, Infestation Pit  
  120  16:43  Hydralisk  
  120  16:44  Hydralisk x7  
Show
View Real Time Build Order
Export as new Build Order

xXGHOSTARXx Protoss 

Build Orders:  

Get SALT Encoding   

  12  0:58  Probe (Chrono Boost)  
  13  1:06  Assimilator x2  
  13  1:08  Probe (Chrono Boost)  
  14  1:13  Probe (Chrono Boost)  
  15  1:37  Pylon  
  15  1:38  Pylon  
  15  1:53  Probe (Chrono Boost)  
  15  1:57  Gateway  
  16  2:05  Probe (Chrono Boost)  
  16  2:07  Forge  
  18  2:17  Probe (Chrono Boost)  
  18  2:22  Probe (Chrono Boost)  
  19  2:31  Probe  
  20  2:43  Probe  
  21  2:49  Cybernetics Core x2  
  21  2:53  Pylon  
  21  2:54  Pylon  
  21  2:55  Probe  
  22  3:07  Probe (Chrono Boost)  
  23  3:16  Probe (Chrono Boost)  
  24  3:21  Probe (Chrono Boost)  
  25  3:34  Probe  
  26  3:36  Stargate  
  26  3:38  Stargate  
  26  3:40  Protoss Air Weapons Level 1, Stargate  
  26  4:17  Nexus  
  26  4:21  Assimilator  
  26  4:25  Assimilator  
  26  4:27  Pylon  
  26  4:29  Pylon  
  26  4:37  Void Ray (Chrono Boost)  
  34  4:54  Void Ray (Chrono Boost)  
  34  4:56  Protoss Air Armor Level 1  
  34  5:43  Void Ray  
  34  5:44  Void Ray  
  34  5:48  Photon Cannon  
  42  5:51  Photon Cannon  
  42  5:54  Photon Cannon  
  42  6:00  Probe x2  
  38  6:12  Probe  
  39  6:42  Void Ray  
  39  6:43  Void Ray  
  39  7:04  Probe x2 (Chrono Boost)  
  41  7:15  Probe x2 (Chrono Boost)  
  43  7:19  Probe x2 (Chrono Boost)  
  45  7:30  Probe x2  
  43  7:42  Probe x2  
  44  7:53  Void Ray  
  44  7:54  Probe x2  
  50  8:03  Void Ray  
  54  8:06  Probe (Chrono Boost)  
  54  8:07  Probe (Chrono Boost)  
  56  8:18  Probe x2 (Chrono Boost)  
  58  8:22  Probe x2 (Chrono Boost)  
  60  8:33  Probe  
  61  9:00  Nexus  
  61  9:04  Assimilator  
  61  9:08  Assimilator  
  61  9:09  Void Ray  
  65  9:10  Void Ray  
  69  9:24  Probe (Chrono Boost)  
  69  9:25  Probe (Chrono Boost)  
  71  9:35  Probe x2 (Chrono Boost)  
  71  9:37  Void Ray  
  77  9:40  Probe (Chrono Boost)  
  78  9:52  Fleet Beacon  
  78  10:12  Probe x2  
  80  10:28  Probe  
  68  10:46  Void Ray (Chrono Boost)  
  68  10:47  Void Ray x2 (Chrono Boost)  
  48  11:07  Fleet Beacon  
  48  11:09  Pylon  
  48  11:11  Protoss Air Weapons Level 2 (Chrono Boost)  
  48  11:22  Void Ray x2  
  56  11:31  Void Ray  
  60  12:02  Probe  
  60  12:03  Probe, Nexus  
  60  12:05  Void Ray  
  66  12:12  Protoss Air Armor Level 2 (Chrono Boost)  
  66  12:14  Probe  
  66  12:15  Probe  
  68  12:42  Void Ray  
  72  12:44  Carrier  
  78  12:57  Carrier  
  84  13:07  Probe x2  
  86  13:19  Probe  
  88  13:20  Probe  
  88  13:29  Robotics Facility  
  88  13:40  Probe x2  
  82  13:52  Probe  
  83  14:06  Pylon  
  83  14:07  Pylon  
  83  14:09  Pylon  
  83  14:11  Pylon  
  83  14:13  Pylon  
  83  14:23  Void Ray  
  75  14:59  Void Ray x2  
  79  15:03  Nexus  
  79  15:06  Assimilator  
  79  15:10  Assimilator  
  79  15:13  Void Ray  
  83  15:23  Stargate  
  83  15:25  Nexus, Stargate  
  83  15:48  Void Ray x2  
  91  16:07  Void Ray  
  95  16:15  Carrier  
  101  16:26  Probe (Chrono Boost)  
  101  16:27  Probe (Chrono Boost)  
  103  16:38  Probe x2 (Chrono Boost)  
  105  16:43  Probe x2 (Chrono Boost)  
  107  16:53  Probe x2  
  101  17:05  Probe x2  
Show
View Real Time Build Order
Export as new Build Order

yorsh Protoss 

Build Orders:  

Get SALT Encoding   

  12  0:02  Probe  
  13  0:14  Probe  
  14  0:23  Pylon  
  14  0:28  Assimilator  
  14  0:30  Probe  
  15  0:42  Probe  
  16  0:48  Gateway  
  16  0:54  Probe  
  17  0:57  Assimilator  
  17  1:06  Probe  
  18  1:22  Probe  
  19  1:28  Pylon  
  19  1:37  Probe  
  20  1:44  Cybernetics Core, Zealot  
  22  1:49  Probe  
  23  2:01  Probe  
  24  2:11  Zealot  
  24  2:14  Probe  
  27  2:22  Pylon  
  27  2:26  Stargate  
  27  2:31  Stargate  
  27  2:35  Probe  
  28  2:42  Zealot  
  30  2:47  Probe  
  31  2:52  Protoss Air Weapons Level 1  
  31  3:12  Void Ray  
  31  3:18  Probe  
  36  3:30  Probe  
  37  3:34  Pylon  
  37  3:45  Probe  
  38  3:52  Void Ray  
  42  3:57  Probe  
  42  3:59  Void Ray  
  47  4:08  Pylon  
  47  4:26  Probe  
  48  4:38  Probe, Void Ray  
  53  4:47  Nexus  
  53  5:01  Pylon  
  53  5:06  Probe  
  54  5:11  Assimilator  
  54  5:17  Assimilator  
  54  5:19  Void Ray  
  54  5:21  Pylon  
  58  5:25  Void Ray  
  62  5:30  Probe  
  63  5:42  Probe  
  64  5:54  Probe  
  64  5:56  Stargate  
  65  6:01  Probe  
  66  6:06  Probe  
  67  6:11  Void Ray  
  67  6:13  Probe  
  72  6:18  Probe  
  72  6:25  Probe  
  74  6:47  Void Ray  
  74  6:53  Probe  
  79  7:02  Probe  
  79  7:05  Probe  
  81  7:08  Void Ray  
  81  7:14  Probe  
  86  7:21  Pylon  
  86  7:22  Protoss Air Armor Level 1  
  86  7:34  Pylon  
  86  7:39  Probe, Pylon  
  86  7:40  Nexus  
  86  7:42  Void Ray  
  91  7:47  Probe  
  92  7:52  Void Ray  
  92  7:55  Pylon  
  92  7:57  Probe  
  97  7:59  Probe  
  98  8:06  Stargate  
  98  8:09  Void Ray  
  102  8:18  Assimilator  
  102  8:24  Assimilator  
  102  8:28  Probe  
  102  8:30  Void Ray  
  102  8:32  Probe  
  108  8:39  Void Ray  
  112  8:44  Probe  
  112  8:48  Probe  
  114  8:52  Probe  
  115  9:04  Probe x2  
  115  9:05  Void Ray  
  121  9:11  Void Ray  
  121  9:16  Probe  
  121  9:17  Probe  
  127  9:28  Probe  
  127  9:29  Probe  
  129  9:35  Void Ray  
  129  9:38  Fleet Beacon  
  133  9:50  Pylon  
  133  9:54  Pylon, Void Ray  
  96  10:34  Void Ray x2  
  104  10:37  Void Ray  
  108  11:17  Nexus  
  108  11:19  Void Ray  
  108  11:20  Void Ray  
  108  11:21  Void Ray  
  119  11:52  Protoss Air Weapons Level 2  
  119  11:54  Void Ray  
  123  12:03  Void Ray  
  67  12:40  Void Ray  
  67  12:41  Void Ray  
  67  12:43  Void Ray  
  75  12:51  Probe  
  75  12:55  Probe  
  77  13:03  Probe  
  78  13:17  Probe  
  79  13:25  Assimilator  
  79  13:29  Probe  
  79  13:30  Void Ray  
  79  13:31  Void Ray x2  
  92  13:41  Probe  
  92  13:44  Void Ray  
  97  13:49  Stargate  
  97  13:55  Stargate  
  97  14:24  Void Ray x2  
  101  14:25  Void Ray  
  106  15:07  Probe  
  106  15:18  Void Ray  
  106  15:19  Void Ray  
  106  15:20  Void Ray x2  
  122  15:31  Probe  
  123  15:48  Void Ray  
  127  15:53  Void Ray  
  131  16:02  Void Ray  
  135  16:15  Void Ray  
  67  17:14  Void Ray  
  67  17:15  Void Ray x2  
  75  17:16  Void Ray  
Show
View Real Time Build Order
Export as new Build Order

jarper Protoss 

Build Orders:  

Get SALT Encoding   

  12  0:02  Probe (Chrono Boost)  
  13  0:11  Probe (Chrono Boost)  
  14  0:16  Probe (Chrono Boost)  
  15  0:24  Pylon  
  15  0:32  Assimilator  
  15  0:36  Assimilator  
  15  0:57  Gateway  
  15  1:01  Probe (Chrono Boost)  
  17  1:11  Probe (Chrono Boost)  
  17  1:16  Probe (Chrono Boost)  
  18  1:27  Probe  
  20  1:40  Probe  
  20  1:48  Cybernetics Core  
  20  1:52  Probe  
  21  2:04  Probe  
  22  2:09  Nexus  
  22  2:26  Stargate  
  22  2:29  Stargate  
  22  2:38  Pylon  
  17  3:22  Void Ray (Chrono Boost)  
  17  3:24  Probe (Chrono Boost)  
  19  3:34  Probe (Chrono Boost)  
  19  3:39  Probe (Chrono Boost)  
  19  3:40  Void Ray (Chrono Boost)  
  24  3:50  Probe  
  25  4:09  Probe (Chrono Boost)  
  26  4:20  Probe (Chrono Boost)  
  26  4:23  Probe (Chrono Boost)  
  28  4:29  Probe (Chrono Boost)  
  28  4:31  Probe (Chrono Boost)  
  30  4:35  Probe (Chrono Boost)  
  30  4:36  Probe (Chrono Boost)  
  32  4:46  Probe  
  32  4:47  Probe  
  34  4:57  Void Ray  
  34  4:59  Probe  
  39  5:03  Protoss Air Weapons Level 1  
  39  5:10  Forge  
  39  5:15  Pylon  
  39  5:27  Probe (Chrono Boost)  
  40  5:37  Probe (Chrono Boost)  
  40  5:42  Probe (Chrono Boost)  
  41  5:47  Nexus  
  42  5:53  Probe  
  42  5:55  Void Ray  
  43  5:59  Assimilator  
  43  6:05  Probe  
  43  6:06  Protoss Shields Level 1 (Chrono Boost)  
  48  6:18  Void Ray  
  52  6:35  Photon Cannon  
  52  6:43  Photon Cannon  
  52  6:52  Probe (Chrono Boost)  
  53  7:00  Pylon  
  54  7:02  Probe (Chrono Boost)  
  54  7:09  Pylon, Probe x2 (Chrono Boost)  
  56  7:16  Void Ray  
  56  7:19  Probe (Chrono Boost)  
  56  7:21  Probe (Chrono Boost)  
  62  7:23  Protoss Air Armor Level 1  
  62  7:24  Probe (Chrono Boost)  
  63  7:30  Probe  
  63  7:35  Probe  
  63  7:36  Assimilator  
  65  7:40  Photon Cannon  
  65  7:47  Probe, Photon Cannon  
  66  7:54  Photon Cannon  
  66  8:00  Probe (Chrono Boost)  
  68  8:07  Probe (Chrono Boost)  
  68  8:11  Probe (Chrono Boost)  
  69  8:13  Void Ray x2  
  69  8:15  Probe (Chrono Boost)  
  69  8:17  Probe (Chrono Boost)  
  69  8:19  Probe (Chrono Boost)  
  80  8:31  Probe  
  81  8:43  Probe  
  81  8:47  Stargate  
  82  8:50  Stargate  
  82  8:54  Stargate  
  82  8:55  Probe  
  83  9:06  Pylon  
  83  9:07  Probe  
  84  9:19  Probe  
  84  9:23  Void Ray x2  
  61  11:06  Probe (Chrono Boost)  
  62  11:16  Probe (Chrono Boost)  
  62  11:17  Probe (Chrono Boost)  
  64  11:21  Assimilator  
  64  11:24  Probe (Chrono Boost)  
  64  11:25  Probe (Chrono Boost)  
  66  11:26  Assimilator  
  66  11:28  Probe (Chrono Boost)  
  66  11:30  Void Ray x3  
  66  11:31  Void Ray  
  83  11:33  Probe  
  83  11:39  Probe, Photon Cannon  
  85  11:45  Probe  
  86  11:51  Probe  
  87  12:03  Pylon  
  87  12:06  Photon Cannon  
  87  12:11  Twilight Council  
  87  12:13  Void Ray  
  91  12:15  Fleet Beacon  
  91  12:20  Pylon  
  91  12:21  Void Ray  
  95  12:29  Pylon  
  95  12:34  Probe  
  96  12:39  Pylon  
  96  12:46  Probe  
  98  12:58  Probe  
  98  13:09  Photon Cannon  
  98  13:10  Probe  
  98  13:12  Photon Cannon  
  99  13:15  Photon Cannon  
  99  13:18  Photon Cannon  
  99  13:22  Probe  
  100  13:28  Void Ray  
  100  13:29  Void Ray x3  
  100  13:33  Protoss Shields Level 2  
  116  13:42  Robotics Facility  
  116  14:11  Void Ray  
  116  14:16  Void Ray  
  124  14:29  Pylon  
  124  14:31  Pylon  
  124  14:33  Pylon  
  124  14:37  Pylon  
  124  14:46  Void Ray x2  
  128  14:54  Void Ray  
  128  14:59  Void Ray  
  136  15:13  Pylon  
  136  15:18  Pylon  
  136  15:21  Stargate  
  136  15:23  Stargate  
  136  15:28  Stargate  
  136  15:29  Void Ray x2  
  144  15:37  Void Ray, Stargate  
  144  15:42  Void Ray  
  152  16:12  Void Ray x2  
  160  16:20  Void Ray  
  76  16:57  Void Ray x2  
  76  16:58  Void Ray  
  88  17:03  Void Ray  
  88  17:04  Void Ray  
  88  17:05  Void Ray  
Show
View Real Time Build Order
Export as new Build Order

Sephiroth Protoss 

Build Orders:  

Get SALT Encoding   

  12  0:26  Probe  
  13  0:33  Pylon  
  13  0:38  Probe (Chrono Boost), Assimilator  
  14  0:49  Probe (Chrono Boost)  
  15  0:53  Probe (Chrono Boost)  
  16  1:04  Probe  
  17  1:17  Probe (Chrono Boost)  
  19  1:26  Probe (Chrono Boost)  
  19  1:27  Assimilator  
  19  1:31  Forge  
  19  1:34  Gateway  
  19  1:39  Gateway  
  19  1:43  Pylon  
  19  1:46  Probe  
  20  1:49  Pylon  
  20  1:59  Probe (Chrono Boost)  
  21  2:10  Probe (Chrono Boost)  
  21  2:13  Protoss Shields Level 1  
  22  2:16  Probe (Chrono Boost)  
  23  2:33  Photon Cannon  
  23  2:37  Photon Cannon  
  23  2:47  Cybernetics Core  
  23  2:56  Photon Cannon  
  23  3:06  Photon Cannon  
  23  3:11  Zealot (Chrono Boost)  
  25  3:15  Pylon  
  27  3:24  Zealot (Chrono Boost)  
  27  3:35  Photon Cannon  
  27  3:42  Photon Cannon  
  27  3:55  Photon Cannon  
  27  4:01  Stargate  
  27  4:29  Nexus  
  27  4:33  Assimilator  
  27  4:39  Assimilator  
  27  4:47  Pylon  
  27  4:49  Protoss Air Weapons Level 1 (Chrono Boost)  
  27  4:57  Probe  
  28  5:09  Probe (Chrono Boost)  
  28  5:12  Stargate  
  29  5:21  Probe (Chrono Boost)  
  30  5:29  Stargate  
  30  5:32  Stargate  
  30  5:34  Probe (Chrono Boost)  
  31  5:45  Probe (Chrono Boost)  
  33  5:51  Probe (Chrono Boost)  
  33  5:54  Probe (Chrono Boost)  
  34  5:58  Probe (Chrono Boost)  
  34  5:59  Probe (Chrono Boost)  
  36  6:11  Probe  
  37  6:17  Probe  
  38  6:23  Probe  
  39  6:27  Protoss Air Armor Level 1 (Chrono Boost)  
  39  6:29  Probe  
  40  6:33  Photon Cannon  
  40  6:35  Probe  
  41  6:40  Photon Cannon  
  41  6:47  Probe (Chrono Boost), Photon Cannon  
  42  6:58  Probe (Chrono Boost)  
  42  7:00  Void Ray  
  47  7:03  Probe (Chrono Boost)  
  48  7:14  Probe  
  49  7:21  Void Ray  
  53  7:23  Robotics Facility  
  53  7:30  Photon Cannon  
  53  7:40  Fleet Beacon  
  53  7:59  Pylon, Void Ray  
  53  8:04  Pylon, Void Ray  
  57  8:06  Void Ray  
  65  8:14  Warp Prism (Chrono Boost)  
  67  8:29  Mothership (Chrono Boost)  
  75  9:25  Nexus  
  75  9:26  Assimilator  
  75  9:31  Assimilator  
  75  9:32  Pylon  
  75  9:34  Pylon  
  75  9:38  Immortal (Chrono Boost)  
  75  9:44  Void Ray  
  83  9:50  Void Ray  
  87  9:58  Pylon  
  87  10:00  Pylon  
  87  10:03  Photon Cannon  
  87  10:05  Photon Cannon  
  87  10:10  Immortal, Photon Cannon  
  91  10:15  Photon Cannon  
  91  10:31  Void Ray  
  91  10:32  Void Ray  
  99  10:38  Zealot (Chrono Boost)  
  103  10:49  Zealot (Chrono Boost)  
  103  10:58  Void Ray  
  107  11:53  Void Ray x4  
  121  12:36  Void Ray  
  117  12:38  Carrier x2  
  129  13:37  Carrier (Chrono Boost)  
  129  13:39  Carrier (Chrono Boost)  
  73  13:51  Mothership  
  81  14:01  Carrier x2 (Chrono Boost)  
  72  14:57  Carrier (Chrono Boost)  
  78  15:13  Carrier (Chrono Boost), Warp Prism  
  80  15:16  Carrier (Chrono Boost)  
  80  15:17  Carrier (Chrono Boost)  
  98  16:09  Void Ray  
  102  16:41  Void Ray  
  39  17:22  Void Ray  
Show
View Real Time Build Order
Export as new Build Order

Infamous Protoss 

Build Orders: 1 Gate Expand 

Get SALT Encoding   

  12  0:01  Probe  
  13  0:15  Pylon  
  13  0:26  Probe  
  14  0:34  Gateway  
  14  0:40  Probe (Chrono Boost)  
  16  0:51  Probe (Chrono Boost)  
  16  0:56  Probe (Chrono Boost)  
  16  0:59  Assimilator  
  17  1:06  Probe  
  18  1:18  Probe  
  19  1:33  Nexus  
  19  1:36  Probe  
  20  1:47  Cybernetics Core  
  20  1:48  Probe  
  21  1:55  Assimilator  
  21  2:25  Warp Gate  
  21  2:32  Probe  
  21  2:33  Pylon  
  22  2:47  Stalker (Chrono Boost)  
  24  2:55  Probe  
  24  2:56  Probe  
  26  3:08  Probe  
  27  3:13  Robotics Facility  
  27  3:16  Probe  
  28  3:20  Probe  
  29  3:37  Probe x2  
  29  3:41  Gateway  
  31  3:45  Stalker (Chrono Boost)  
  32  4:01  Robotics Bay  
  32  4:02  Warp Prism (Chrono Boost)  
  34  4:13  Shield Battery  
  34  4:24  Probe  
  35  4:25  Pylon  
  35  4:27  Pylon  
  35  4:36  Probe  
  36  4:41  Forge  
  36  4:45  Probe  
  37  4:46  Disruptor  
  37  4:51  Gravitic Drive (Chrono Boost)  
  40  5:02  Gateway  
  40  5:04  Gateway  
  40  5:09  Assimilator  
  40  5:10  Probe x2  
  40  5:13  Assimilator  
  42  5:28  Stalker  
  42  5:29  Stalker  
  42  5:32  Probe, Protoss Ground Weapons Level 1 (Chrono Boost)  
  42  5:33  Probe  
  48  5:44  Probe  
  48  5:45  Probe  
  50  5:54  Immortal  
  54  6:12  Adept x3  
  54  6:13  Adept  
  62  6:23  Photon Cannon  
  62  6:24  Photon Cannon  
  53  6:34  Stalker  
  53  6:35  Stalker x3  
  61  6:49  Probe  
  62  6:56  Pylon  
  62  6:58  Pylon  
  62  7:06  Shield Battery  
  62  7:13  Probe (Chrono Boost)  
  64  7:15  Probe (Chrono Boost)  
  64  7:21  Pylon, Probe, Stalker  
  64  7:22  Stalker x3  
  73  7:26  Probe  
  74  7:57  Stalker x4  
  82  7:59  Protoss Ground Armor Level 1 (Chrono Boost)  
  82  8:08  Twilight Council  
  82  8:19  Photon Cannon  
  82  8:25  Probe (Chrono Boost)  
  82  8:26  Photon Cannon  
  84  8:29  Photon Cannon  
  84  8:30  Probe (Chrono Boost)  
  84  8:33  Photon Cannon  
  84  8:36  Photon Cannon  
  84  8:38  Probe (Chrono Boost)  
  85  8:48  Photon Cannon  
  85  9:12  Pylon  
  85  9:16  Pylon  
  85  9:19  Pylon, Gateway x2  
  85  9:20  Probe (Chrono Boost)  
  85  9:22  Gateway  
  86  9:30  Colossus, Probe (Chrono Boost)  
  93  9:37  Probe (Chrono Boost)  
  94  9:39  Probe (Chrono Boost)  
  94  9:41  Blink (Chrono Boost)  
  95  9:59  Pylon  
  95  10:02  Pylon  
  95  10:29  Stalker x4  
  93  11:01  Stalker x4  
  101  11:18  Gateway  
  101  11:19  Colossus (Chrono Boost)  
  101  11:20  Probe x2, Gateway  
  101  11:21  Gateway  
  101  11:22  Extended Thermal Lance (Chrono Boost)  
  101  11:23  Gateway  
  109  11:41  Templar Archives  
  109  11:42  Photon Cannon  
  109  11:44  Photon Cannon  
  107  11:48  Photon Cannon  
  107  11:59  Stalker x2  
  107  12:00  Stalker x4  
  119  12:13  Colossus (Chrono Boost)  
  125  12:25  Protoss Ground Armor Level 2  
  125  12:29  Psionic Storm  
  125  14:19  Pylon  
  125  14:21  Pylon  
  125  14:24  Pylon  
  84  14:52  Stalker x4  
  88  14:53  Stalker x3  
  88  14:54  Stalker x4  
  104  15:10  Colossus  
  100  16:01  High Templar  
  100  16:02  High Templar x5  
  100  16:03  High Templar x5  
  118  16:09  Colossus  
  114  16:26  Archon  
  114  16:27  Archon x3  
  114  16:28  Archon  
  114  17:00  Nexus  
  114  17:04  Pylon  
  114  17:05  Pylon  
Tags
 
Add a new tag
Caveats
  • Supply blocks, unpowered buildings, or Contaminate may cause inaccurate times.
  • Supply counts are checked every 10 seconds.